Map: King Sejong Station LE

Players

Neeb - Winner!

  • Race: Protoss Protoss

iaguz

  • Race: Terran Terran

Event: WCS Copa Intercontinental

VOD

Have the link to the VOD?

Description

Time

  • Played on: Sept. 10, 2016, 7:57 p.m.
  • Length: 6:20

All games in this series

Show
View Real Time Build Order
Export as new Build Order

Neeb Protoss - Winner!

Build Orders: 1 Gate Expand, Dark Templar Rush 

Get SALT Encoding   

  12  0:01  Probe (Chrono Boost)  
  13  0:11  Probe (Chrono Boost)  
  14  0:17  Pylon  
  14  0:22  Probe (Chrono Boost)  
  15  0:35  Probe (Chrono Boost)  
  16  0:36  Gateway  
  16  0:46  Probe (Chrono Boost)  
  16  0:47  Assimilator  
  17  0:56  Probe (Chrono Boost)  
  18  1:07  Probe (Chrono Boost)  
  19  1:18  Nexus  
  19  1:21  Probe (Chrono Boost)  
  20  1:31  Cybernetics Core  
  20  1:34  Probe (Chrono Boost)  
  21  1:40  Assimilator  
  21  1:45  Probe (Chrono Boost)  
  22  1:49  Pylon  
  22  1:55  Probe (Chrono Boost)  
  23  2:04  Adept  
  23  2:08  Warp Gate  
  26  2:09  Probe (Chrono Boost)  
  26  2:21  Probe (Chrono Boost)  
  27  2:31  Probe (Chrono Boost)  
  27  2:32  Mothership Core (Chrono Boost), Adept  
  32  2:41  Probe (Chrono Boost)  
  33  2:44  Robotics Facility  
  33  2:50  Probe (Chrono Boost)  
  34  2:52  Probe (Chrono Boost)  
  35  3:01  Probe (Chrono Boost)  
  35  3:02  Probe (Chrono Boost)  
  35  3:04  Twilight Council  
  37  3:10  Pylon  
  37  3:11  Probe (Chrono Boost)  
  38  3:15  Probe (Chrono Boost)  
  39  3:21  Gateway  
  39  3:23  Probe (Chrono Boost)  
  39  3:24  Gateway  
  40  3:27  Probe (Chrono Boost)  
  40  3:34  Probe (Chrono Boost), Warp Prism  
  45  3:44  Dark Shrine  
  45  3:45  Probe (Chrono Boost)  
  45  3:47  Probe (Chrono Boost)  
  46  3:49  Pylon  
  46  3:57  Assimilator, Probe (Chrono Boost)  
  46  3:58  Probe (Chrono Boost)  
  46  4:01  Assimilator  
  48  4:08  Probe (Chrono Boost)  
  50  4:10  Observer, Probe (Chrono Boost)  
  50  4:15  Pylon  
  51  4:18  Pylon, Probe (Chrono Boost)  
  47  4:26  Probe (Chrono Boost)  
  47  4:29  Probe (Chrono Boost)  
  47  4:30  Stalker x2  
  53  4:32  Stalker  
  56  4:38  Probe (Chrono Boost)  
  56  4:39  Probe (Chrono Boost)  
  57  4:50  Probe x2 (Chrono Boost)  
  56  4:57  Dark Templar  
  56  4:58  Dark Templar  
  55  5:00  Probe (Chrono Boost)  
  55  5:03  Stalker, Probe (Chrono Boost)  
  59  5:11  Probe (Chrono Boost)  
  61  5:14  Observer  
  61  5:15  Probe (Chrono Boost)  
  62  5:21  Probe (Chrono Boost)  
  62  5:28  Dark Templar  
  65  5:33  Pylon, Probe x2 (Chrono Boost)  
  67  5:36  Dark Templar  
  67  5:40  Dark Templar  
  69  5:44  Probe (Chrono Boost)  
  69  5:45  Probe (Chrono Boost)  
  67  5:54  Probe (Chrono Boost)  
  69  5:57  Probe (Chrono Boost)  
  69  6:05  Probe (Chrono Boost)  
  69  6:07  Dark Templar  
  69  6:09  Probe (Chrono Boost), Adept  
Show
View Real Time Build Order
Export as new Build Order

iaguz Terran 

Build Orders: Liberator Opening 

Get SALT Encoding   

  12  0:01  SCV  
  13  0:13  SCV  
  14  0:17  Supply Depot  
  14  0:25  SCV  
  15  0:38  SCV  
  15  0:39  Barracks  
  16  0:43  Refinery  
  16  0:51  SCV  
  17  1:03  SCV  
  18  1:15  SCV  
  19  1:26  Marine  
  19  1:27  Orbital Command  
  20  1:44  Command Center  
  20  1:56  Factory  
  20  1:59  SCV  
  21  2:03  Barracks Reactor  
  21  2:11  SCV  
  21  2:14  Supply Depot  
  22  2:20  Refinery  
  22  2:23  SCV  
  24  2:37  SCV  
  24  2:40  Marine x2  
  24  2:42  Starport  
  26  2:47  Widow Mine  
  26  2:49  SCV  
  29  2:57  Orbital Command  
  29  3:00  Marine  
  29  3:01  Marine  
  31  3:07  SCV  
  32  3:18  Marine x2  
  32  3:19  Medivac, SCV  
  37  3:21  Widow Mine  
  39  3:27  Supply Depot  
  39  3:31  SCV x2  
  39  3:32  Liberator  
  41  3:36  Marine x2  
  43  3:43  SCV x2  
  45  3:54  Factory Tech Lab  
  48  3:57  Marine x2  
  48  3:58  SCV x2  
  52  4:03  Supply Depot  
  52  4:07  Supply Depot  
  52  4:11  SCV x2  
  52  4:13  Barracks  
  54  4:23  SCV x2  
  54  4:26  Marine x2  
  54  4:30  Supply Depot  
  56  4:32  Barracks, Siege Tank  
  56  4:37  SCV x2  
  61  4:41  Refinery  
  61  4:47  Marine x2  
  61  4:49  SCV x2  
  65  4:55  Medivac  
  67  5:01  SCV x2  
  67  5:02  Barracks Tech Lab  
  67  5:06  Marine x2  
  71  5:07  Supply Depot  
  71  5:09  Supply Depot  
  71  5:10  Siege Tank  
  72  5:17  Engineering Bay  
  72  5:18  SCV x2  
  61  5:34  SCV  
  61  5:35  SCV  
  55  5:38  Marine x4  
  56  5:45  Missile Turret  
  56  5:48  SCV  
  56  5:49  SCV  
  50  5:55  Marine  
  43  5:58  Marine  
  43  6:00  SCV  
  43  6:01  SCV  
Tags
 
Add a new tag
Caveats
  • Supply blocks, unpowered buildings, or Contaminate may cause inaccurate times.
  • Supply counts are checked every 10 seconds.